 Dungeon Crawl Stone Soup version 0.29-a0-88-g03a7b78be7 (webtiles) character file.

Game seed: 1541938148791711158

1 Sweetruy1997 the Cudgeller (level 1, -1/12 HPs)
             Began as a Gargoyle Gladiator on Feb 5, 2022.
             Slain by a ball python (3 damage)
             ... on level 1 of the Dungeon.
             The game lasted 00:00:33 (62 turns).

Sweetruy1997 the Cudgeller (Gargoyle Gladiator)       Turns: 62, Time: 00:00:34

Health: -1/12      AC:  6    Str: 17    XL:     1   Next: 20%
Magic:  1/1        EV:  9    Int:  8    God:
Gold:   12         SH:  0    Dex: 11    Spells: 0/0 levels left

rFire   . . .      SeeInvis .   a - +0 flail
rCold   . . .      Faith    .   (no shield)
rNeg    + . .      Spirit   .   b - +0 leather armour
rPois   ∞          Reflect  .   c - +0 helmet
rElec   +          Harm     .   (no cloak)
rCorr   .          Rampage  .   (no gloves)
Will    .....                   (no boots)
Stlth   +.........              (no amulet)
HPRegen 0.04/turn               (no ring)
MPRegen 0.07/turn               (no ring)

@: constricted
A: sickness immunity, AC +2, negative energy resistance 1, electricity
resistance, torment resistance 1, petrification resistance
a: no special abilities


You were on level 1 of the Dungeon.
You visited 1 branch of the dungeon, and saw 1 of its levels.

You collected 12 gold pieces.

Inventory:

Hand Weapons
 a - a +0 flail (weapon)
Missiles
 d - 2 throwing nets (quivered)
Armour
 b - a +0 leather armour (worn)
 c - a +0 helmet (worn)
Scrolls
 e - a scroll of teleportation {unknown}


   Skills:
 + Level 2.2 Fighting
 + Level 3.0 Maces & Flails
 + Level 1.7 Throwing
 + Level 2.4 Dodging


You couldn't memorise any spells.
You didn't know any spells.
Your spell library was empty.

Dungeon Overview and Level Annotations

Branches:
Dungeon (1/15)

Altars:


Innate Abilities, Weirdness & Mutations

You are immune to sickness and miasma.
Your stone body is resilient. (AC +2)
You are immune to poison.
You resist negative energy. (rN+)
You are resistant to electric shocks. (rElec)
You are resistant to unholy torment.
You are immune to petrification.


Message History

The ball python hisses angrily.
You hit the ball python.
You kill the ball python!
You hear a shout!
The quokka misses you.
A hobgoblin comes into view.
The quokka bites you.
You barely miss the quokka.
The quokka bites you but does no damage.
You miss the quokka. The quokka barely misses you.
The quokka closely misses you.
You see here a ball python corpse.
The quokka bites you.
* * * LOW HITPOINT WARNING * * *
There is a large open door here.
The ball python barely misses you. The ball python closely misses you.
There is a large open door here.
You hit the ball python.
The ball python is severely wounded.
The ball python misses you. The ball python grabs you.
The ball python constricts you.
The quokka twitches its whiskers.
You hit the ball python but do no damage.
The ball python is severely wounded.
The ball python bites you but does no damage.
The ball python constricts you.
A frilled lizard comes into view.
The ball python barely misses you. The ball python constricts you.
You closely miss the ball python.
The ball python is severely wounded.
The frilled lizard hisses angrily.
The frilled lizard hisses.
The ball python closely misses you. The ball python constricts you.
A kobold comes into view. It is wielding a +0 club.
You closely miss the ball python.
The ball python is severely wounded.
The kobold shouts!
The ball python bites you but does no damage.
The ball python constricts you. The ball python bites you.
You die...

..8####8#### ...'.......+
#≈.. ..8##8#'#8## #≈?.
'######'### #+# #≈.
.##♣♣.....♣♣##.# #≈.
.#♣≈.......≈♣#.8 ♣≈#
.8#.........#8.# #≈#
.##...≈♣≈...##.###≈##
.++...♣8♣...++..@Srg#
.##...≈♣≈..)##.###≈.#
.8#.........#8.#≈#≈.....g..
♣≈.......≈♣#.8♣♣≈.....(..
#♣♣.....♣♣##.#≈#≈#.lK>...
###'######'###≈...)....
##8#'#8##8...8#≈........
+.......'.....#≈..#....#
####8####8....#≈ .####.#


You could see a quokka, a hobgoblin, a ball python, a kobold and a frilled
lizard.

Vanquished Creatures
  A ball python (D:1)
1 creature vanquished.

Notes
Turn   | Place    | Note
-------+----------+-------------------------------------------
     0 | D:1      | Sweetruy1997 the Gargoyle Gladiator began the quest for the
                  | Orb.
     0 | D:1      | Reached XP level 1. HP: 12/12 MP: 1/1
    62 | D:1      | Slain by a ball python

Illustrated notes

Levels and vault maps discovered:
D:1:      saegor_arrival_fortress, layout_rooms

Action                   || total
-------------------------++-------
Melee: Flail             ||     8
Throw: Throwing net      ||     1
Armor: Leather armour    ||     4
Dodge: Dodged            ||     9

Table legend: (Time is in decaauts)
 A = Elapsed time spent in this place.
 B = Non-inter-level travel time spent in this place.
 C = Inter-level travel time spent in this place.
 D = Time resting spent in this place.
 E = Time spent auto-exploring this place.
 F = Levels seen in this place.
 G = Mean time per level.
                   A        B        C        D        E       F      G
               +--------+--------+--------+--------+--------+-----+--------+
         Total |     63 |     63 |      0 |      0 |     43 |   1 |   63.0 |
       Dungeon |     63 |     63 |      0 |      0 |     43 |   1 |   63.0 |
               +--------+--------+--------+--------+--------+-----+--------+

Top non-repeatable levels by time:
     D:1: 63 daAuts
